AoeStats
← eeeaaasy

Arabia

509125844Analyzed
2v2 RM · 8d ago on Sep 25, 2026· 71m 12s· 4 players
Game mode
Random Map
Map size
Medium (4 player)
Population
200
Speed
Normal
Resources
Standard
Victory
Conquest
Starting age
Dark Age
Ending age
Imperial Age
RankedLock teamsTeams togetherTeam positionsShared explorationLock speedFull tech treeHidden civsTurbo modeCheats
Victory
Defeat
🇩🇪 Franks · Germany
1110
+16
🇩🇪 Danes · Germany
1109
+16
🇨🇴 Mapuche · Colombia
1135
-18
🇪🇸 Burgundians · Spain
1067
-14
FLAKOSKY
5:41 Loom
8:45 Feudal Age
8:39 Double-Bit Axe
9:31 Gold Mining
15:50 Gold Shaft Mining
15:16 Fletching
19:18 Town Watch
19:17 Horse Collar
20:36 Wheelbarrow
20:03 Heavy Plow
22:13 Forging
22:04 Padded Archer Armor
22:10 Scale Barding Armor
24:36 Castle Age
24:40 Cavalier
25:21 Husbandry
25:21 Crossbowman
26:05 Bodkin Arrow
27:07 Leather Archer Armor
34:12 Iron Casting
37:49 Hand Cart
39:39 Bow Saw
41:00 Guilds
43:59 Town Patrol
51:16 Imperial Age
49:52 Chain Barding Armor
52:11 Paladin
55:06 Ballistics
55:53 Chemistry
56:34 Blast Furnace
60:30 Pikeman
67:14 Scale Mail Armor
67:54 Plate Barding Armor
67:51 Squires
69:11 Elite Skirmisher
MALTA CON CANELITA
5:35 Loom
9:11 Feudal Age
9:18 Champi Runner
11:02 Forging
14:56 Scale Mail Armor
17:33 Wheelbarrow
19:19 Double-Bit Axe
19:46 Horse Collar
27:13 Castle Age
27:22 Champi Warrior
31:58 Iron Casting
33:50 Hand Cart
34:44 Chain Mail Armor
38:40 Heavy Plow
40:36 Fletching
44:25 Bow Saw
44:19 Town Watch
51:10 Imperial Age
50:59 Town Patrol
51:16 Elite Champi Warrior
53:07 Blast Furnace
52:38 Plate Mail Armor
52:30 Conscription
56:52 Chemistry
57:57 Gold Mining
58:33 Ballistics
61:43 Siege Engineers
67:18 Caravan
69:14 Onager
eeeaaasy
5:44 Loom
10:29 Feudal Age
22:16 Double-Bit Axe
29:17 Castle Age
33:59 Wheelbarrow
34:36 Bow Saw
34:07 Light Cavalry
36:59 Pikeman
38:13 Forging
38:09 Scale Barding Armor
38:28 Squires
40:36 Iron Casting
40:02 Scale Mail Armor
39:52 Fletching
40:29 Ballistics
40:56 Husbandry
41:04 Gold Mining
42:59 Gold Shaft Mining
45:51 Wheelbarrow
48:38 Imperial Age
50:08 Chain Mail Armor
50:20 Cavalier
52:39 Paladin
53:30 Stone Mining
54:04 Chain Barding Armor
54:45 Blast Furnace
54:15 Elite Skirmisher
57:49 Hand Cart
57:35 Halberdier
58:49 Plate Mail Armor
59:05 Chivalry
63:43 Padded Archer Armor
63:38 Bodkin Arrow
67:41 Murder Holes
68:13 Conscription
68:39 Caravan
69:36 Plate Barding Armor
69:17 Leather Archer Armor
tonifips
7:06 Loom
9:20 Feudal Age
9:25 Man-at-Arms
10:53 Double-Bit Axe
11:07 Arson
11:55 Horse Collar
20:17 Castle Age
18:39 Gold Mining
19:55 Scale Mail Armor
21:50 Squires
22:41 Padded Archer Armor
25:19 Elite Skirmisher
26:17 Gambesons
29:04 Chain Mail Armor
32:40 Forging
40:13 Iron Casting
41:06 Wheelbarrow
53:12 Imperial Age
52:39 Hamask
54:19 Gold Shaft Mining
54:51 Plate Mail Armor
61:01 Elite Varangian Guard
63:45 Blast Furnace
67:35 Caravan
70:08 Blast Furnace
70:24 Masonry
71:48 Leather Archer Armor
Connection lost

Rejoining the realm…

Still unreachable

The connection could not be restored.

Session expired

The server has moved on; the page needs a fresh start.